 Dungeon Crawl Stone Soup version 0.28.0-53-g5a82cb258f (webtiles) character file.

Game seed: 16684322076705397256

2629 NotreDorf the Spear-Bearer (level 9, -7/111 HPs)
             Began as a Merfolk Berserker on July 3, 2022.
             Was a Priest of Trog.
             Mangled by a wight
             ... wielding a +3 halberd
              (10 damage)
             ... on level 8 of the Dungeon.
             The game lasted 00:16:54 (5271 turns).

NotreDorf the Spear-Bearer (Merfolk Berserker)      Turns: 5271, Time: 00:16:55

Health: -7/111     AC:  8    Str: 25    XL:     9   Next: 61%
Magic:  9/9        EV: 16    Int:  6    God:    Trog [***...]
Gold:   289        SH:  0    Dex: 18    Spells: 8/8 levels left

rFire   . . .      SeeInvis +   A - +3 halberd
rCold   . . .      Faith    .   (shield currently unavailable)
rNeg    . . .      Spirit   .   i - +1 ring mail {rPois}
rPois   +          Reflect  .   u - +0 helmet
rElec   .          Harm     .   m - scarf {repulsion}
rCorr   +          Rampage  .   z - +0 pair of gloves
Will    .....                   (no boots)
Stlth   ..........              o - amulet of regeneration
HPRegen 1.08/turn               c - ring of resist corrosion
MPRegen 0.11/turn               w - ring "Irelipso" {Str+4 Dex+4 SInv}

@: berserking, repel missiles, very quick
A: (nimble swimmer 2), mertail
a: Renounce Religion, Berserk, Trog's Hand


You were on level 8 of the Dungeon.
You worshipped Trog.
Trog was most pleased with you.
You visited 1 branch of the dungeon, and saw 8 of its levels.

You collected 429 gold pieces.
You spent 140 gold pieces at shops.

Inventory:

Hand Weapons
 q - a +0 trident
 A - a +3 halberd (weapon)
Missiles
 C - a throwing net (quivered)
Armour
 i - a +1 ring mail of poison resistance (worn)
 m - a scarf of repulsion (worn)
 u - a +0 helmet (worn)
 z - a +0 pair of gloves (worn)
Jewellery
 b - a ring of protection from cold
 c - a ring of resist corrosion (left hand)
 o - an amulet of regeneration (around neck)
 w - the ring "Irelipso" (right hand) {Str+4 Dex+4 SInv}
   (You bought it in a shop on level 4 of the Dungeon)

   [ring of see invisible]

   Str:       It affects your strength (+4).
   Dex:       It affects your dexterity (+4).
   SInv:      It lets you see invisible.
Wands
 a - a wand of paralysis (9)
 k - a wand of iceblast (10)
 x - a wand of mindburst (22)
 E - a wand of polymorph (8)
Scrolls
 d - 7 scrolls of identify {unknown}
 f - a scroll of amnesia {unknown}
 n - a scroll of teleportation {unknown}
 p - a scroll of torment {unknown}
 r - a scroll of magic mapping {unknown}
 s - a scroll of fog {unknown}
 t - a scroll of blinking {unknown}
 v - 2 scrolls of fear {unknown}
 y - a scroll of summoning {unknown}
 D - a scroll of noise {unknown}
Potions
 e - 2 potions of flight {unknown}
 g - 2 potions of might {unknown}
 h - 2 potions of heal wounds {unknown}
 j - 7 potions of curing {unknown}
 l - 3 potions of attraction {unknown}
 B - a potion of haste {unknown}


   Skills:
 + Level 7.8 Fighting
 + Level 10.1 Polearms
 - Level 1.3 Armour
 + Level 8.8 Dodging
 + Level 7.5 Stealth


You had 8 spell levels left.
You didn't know any spells.
Your spell library was empty.

Dungeon Overview and Level Annotations

Branches:
Dungeon (8/15)             Temple (0/1) D:7
   Lair: D:8-11

Altars:
Dithmenos
Gozag
Makhleb
Ru
Sif Muna
Uskayaw
Vehumet
Xom
Yredelemnul
Zin

Shops:
D:4 *

Annotations:
D:7 3 runed translucent doors, bchevrier's ghost, novice GnWn


Innate Abilities, Weirdness & Mutations

((You are very nimble when in or above water. (Stealth+, EV+, Speed+++)))
Your lower body shifts to a powerful aquatic tail in water.


Message History

The two-headed ogre is heavily wounded.
The wight barely misses you.
An orc warrior comes into view.
It is wielding a +0 glaive and carrying a wand of iceblast (2).
The orc warrior shouts!
You slash the two-headed ogre!
The two-headed ogre is heavily wounded.
The two-headed ogre barely misses you.
The two-headed ogre hits you with a +0 giant club!!
The wight completely misses you.
You barely miss the two-headed ogre.
The two-headed ogre is heavily wounded.
The two-headed ogre hits you with a +0 giant spiked club!
The two-headed ogre hits you with a +0 giant club!
The wight hits you from afar with a +3 halberd!
You feel drained.
A red film seems to cover your vision as you go berserk!
You feel yourself moving faster!
You feel mighty! The wight misses you. The two-headed ogre closely misses you.
The two-headed ogre barely misses you.
You slice the two-headed ogre!!
The two-headed ogre is almost dead.
You hear a shout!
You completely miss the two-headed ogre.
The two-headed ogre is almost dead.
The wight misses you.
A centaur comes into view.
The two-headed ogre hits you with a +0 giant spiked club!!
* * * LOW HITPOINT WARNING * * *
The two-headed ogre hits you with a +0 giant club!!
* * * LOW HITPOINT WARNING * * *
You slash the two-headed ogre!
You kill the two-headed ogre!
Trog accepts your kill.
The centaur wields a +0 shortbow.
The centaur shoots an arrow.
The arrow closely misses you. The wight closely misses you.
Your life force feels restored.
Your Polearms skill increases to level 10!
Your Stealth skill increases to level 7!
The orc warrior hits you but does no damage.
The wight hits you with a +3 halberd!
You die...

... #..# # #..#
..# #..# ....##
#c. #....### ..#
#....###.#
#.oz@..#
#....###.#
#....###...#
....###...###
..###.....#
###...#..^.....
####...###.#######
###....### #.#
###...#.## #.#


You could see an orc warrior and a wight.

Vanquished Creatures
  A two-headed ogre (D:8)
  A wyvern (D:7)
  A sky beast (D:5)
  2 ice beasts
  2 phantoms (D:6)
  A bullfrog (D:8)
  3 scorpions
  A water moccasin zombie (D:6)
  A water moccasin skeleton (D:5)
  5 wights
  3 howler monkeys
  2 centaur zombies
  2 bullfrog zombies
  A hound (D:4)
  2 orc priests (D:6)
  A gnoll shaman (D:6)
  A bullfrog skeleton (D:5)
  3 centaur skeletons
  An orc wizard (D:6)
  7 iguanas
  3 hound skeletons
  8 gnolls
  A howler monkey skeleton (D:5)
  6 adders
  A shadow imp (D:6)
  2 white imps
  2 worms (D:4)
  2 dart slugs
  6 orcs
  3 ball pythons
  6 bats
  2 endoplasms (D:1)
  2 giant cockroaches
  4 goblins
  6 hobgoblins
  2 jackals (D:5)
  3 quokkas
  3 frilled lizards
  3 kobolds
  5 rats
111 creatures vanquished.

Notes
Turn   | Place    | Note
-------+----------+-------------------------------------------
     0 | D:1      | NotreDorf the Merfolk Berserker began the quest for the
                  | Orb.
     0 | D:1      | Reached XP level 1. HP: 18/18 MP: 1/1
   341 | D:1      | Reached XP level 2. HP: 24/24 MP: 2/2
   600 | D:1      | Reached skill level 1 in Stealth
   838 | D:2      | Identified the +1 chain mail of Omurim {Str+6}
  1008 | D:2      | Found a faded altar of an unknown god.
  1201 | D:2      | Reached XP level 3. HP: 27/29 MP: 3/3
  1710 | D:3      | Reached skill level 5 in Polearms
  1710 | D:3      | Reached XP level 4. HP: 36/37 MP: 4/4
  2321 | D:4      | Reached XP level 5. HP: 41/42 MP: 5/5
  2348 | D:4      | Found Jimue's Assorted Antiques.
  2504 | D:4      | Bought a transparent turquoise ring for 140 gold pieces
  2504 | D:4      | Identified the ring "Irelipso" {Str+4 Dex+4 SInv} (You
                  | bought it in a shop on level 4 of the Dungeon)
  2794 | D:5      | Entered Level 5 of the Dungeon
  2809 | D:5      | Reached skill level 6 in Polearms
  2809 | D:5      | Reached XP level 6. HP: 30/49 MP: 6/6
  2866 | D:5      | Noticed a sky beast
  2881 | D:5      | Killed a sky beast
  2882 | D:5      | Reached skill level 5 in Dodging
  2915 | D:5      | Reached ** piety under Trog
  2984 | D:5      | Reached skill level 5 in Fighting
  2984 | D:5      | Reached XP level 7. HP: 56/56 MP: 7/7
  3063 | D:5      | Reached skill level 7 in Polearms
  3512 | D:6      | Reached skill level 5 in Stealth
  3512 | D:6      | Reached XP level 8. HP: 64/64 MP: 8/8
  3657 | D:6      | Reached skill level 8 in Polearms
  4260 | D:7      | Found a runed translucent gate.
  4265 | D:7      | Found a runed translucent gate.
  4266 | D:7      | Found an opulent altar of Gozag.
  4268 | D:7      | Found a runed translucent gate.
  4278 | D:7      | Noticed an unseen horror
  4278 | D:7      | Noticed a kobold demonologist
  4278 | D:7      | Noticed bchevrier's ghost (novice GnWn)
  4420 | D:7      | Noticed a wyvern
  4429 | D:7      | Killed a wyvern
  4430 | D:7      | Reached skill level 9 in Polearms
  4430 | D:7      | Reached XP level 9. HP: 65/71 MP: 9/9
  4442 | D:7      | Reached *** piety under Trog
  4508 | D:7      | Found a staircase to the Ecumenical Temple.
  4674 | D:7      | Noticed a two-headed ogre
  4928 | D:7      | Found a shadowy altar of Dithmenos.
  4931 | D:7      | Found a shimmering altar of Xom.
  4937 | D:7      | Found a radiant altar of Vehumet.
  4938 | D:7      | Found a shimmering blue altar of Sif Muna.
  4938 | D:7      | Found a sacrificial altar of Ru.
  4938 | D:7      | Found a hide-covered altar of Uskayaw.
  4938 | D:7      | Found a basalt altar of Yredelemnul.
  4939 | D:7      | Found a glowing silver altar of Zin.
  4942 | D:7      | Found a burning altar of Makhleb.
  4943 | D:7      | Found an opulent altar of Gozag.
  5253 | D:8      | Noticed a two-headed ogre
  5269 | D:8      | HP: 2/105 [two-headed ogre/+0 giant spiked club (18)]
  5270 | D:8      | Killed a two-headed ogre
  5271 | D:8      | Reached skill level 10 in Polearms
  5271 | D:8      | Mangled by a wight

Illustrated notes

Levels and vault maps discovered:
D:1:      scummos_arrival_forest, layout_basic
D:2:      layout_basic, ebering_ecumenical_altar_mist
D:3:      layout_basic
D:4:      layout_rooms, serial_shops, shop
D:5:      layout_rooms
D:6:      layout_cave_pods, minmay_misc_feat_columns
D:7:      layout_loops_cross, minitemple, minmay_temple_entry_mist,
          ebering_ghost_gozag
D:8:      minmay_the_grid_triangle_9x9_rhombus_thin
          [minmay_the_grid_triangle_9x9_dagger,
          minmay_the_grid_triangle_9x9_prize_special,
          minmay_the_grid_triangle_9x9_thin_v,
          minmay_the_grid_triangle_9x9_negative_grid], layout_basic,
          grunt_qazlal_sundering, nemelex_xobeh_ov_fountains_minmay,
          serial_shops, shop, enter_bailey_3, hex_medium

Skill      XL: |  1  2  3  4  5  6  7  8  9 |
---------------+----------------------------+-----
Dodging        | 3 4 5 6 7 8 |  8.8
Stealth        | 1 2 3 5 6 7 |  7.5
Polearms       | 5 6 7 9 10 | 10.1
Fighting       | 4 5 6 7 |  7.8
Armour         | |  1.3

Action                   |  1- 3 |  4- 6 |  7- 9 || total
-------------------------+-------+-------+-------++-------
Melee: Spear             |    94 |    67 |       ||   161
       Punch             |       |     3 |     4 ||     7
       Trident           |       |   107 |   213 ||   320
       Halberd           |       |       |    33 ||    33
Invok: Berserk           |       |       |     3 ||     3
Evoke: Wand              |       |       |     2 ||     2
 Stab: Sleeping          |     3 |     2 |     6 ||    11
Armor: Animal skin       |     6 |       |       ||     6
       Ring mail         |    11 |    55 |    57 ||   123
Dodge: Dodged            |    41 |    91 |   159 ||   291
